 Dungeon Crawl Stone Soup version 0.26.1-11-gd32895ea62 (webtiles) character file.

Game seed: 8642089073329701333

48 Almogavar the Firebug (level 3, -3/26 HPs)
             Began as a Hill Orc Fire Elementalist on May 17, 2021.
             Slain by Terence
             ... wielding a +0 hand axe
              (7 damage)
             ... on level 2 of the Dungeon.
             The game lasted 00:04:05 (1311 turns).

Almogavar the Firebug (Hill Orc Fire Elementalist)  Turns: 1311, Time: 00:04:06

Health: -3/26      AC:  2    Str: 11    XL:     3   Next: 72%
Magic:  0/6        EV: 12    Int: 15    God:
Gold:   19         SH:  0    Dex: 11    Spells: 5/6 levels left

rFire    . . .     SeeInvis .   f - +0 short sword
rCold    . . .     Faith    .   (no shield)
rNeg     . . .     Spirit   .   a - +0 robe
rPois    .         Reflect  .   (no helmet)
rElec    .         Harm     .   (no cloak)
rCorr    .         Rampage  .   (no gloves)
Will     .....                  (no boots)
Stlth    ++........             (no amulet)
HPRegen  0.08/turn              (no ring)
MPRegen  0.10/turn              (no ring)

@: no status effects
A: no striking features
a: no special abilities


You were on level 2 of the Dungeon.
You visited 1 branch of the dungeon, and saw 2 of its levels.

You collected 19 gold pieces.

Inventory:

Hand Weapons
 f - a +0 short sword (weapon)
Armour
 a - a +0 robe (worn)
Scrolls
 d - a scroll of enchant weapon {unknown}
 h - 2 scrolls of identify {unknown}
 i - a scroll of remove curse {unknown}
Potions
 b - 3 potions of curing {unknown}
 c - a potion of berserk rage {unknown}
 e - a potion of haste {unknown}
 g - a potion of magic {unknown}


   Skills:
 + Level 0.1 Fighting
 + Level 0.1 Short Blades
 + Level 1.7 Dodging
 + Level 2.0 Stealth
 + Level 2.0 Spellcasting
 + Level 1.2 Conjurations
 + Level 4.1 Fire Magic


You had 5 spell levels left.
You knew the following spells:

 Your Spells              Type           Power        Failure   Level
a - Foxfire               Conj/Fire      36%          8%          1

Your spell library contained the following spells:

 Spells                   Type           Power        Failure   Level
 Conjure Flame            Conj/Fire      9%           22%         3
 Inner Flame              Hex/Fire       7%           28%         3
 Sticky Flame             Conj/Fire      9%           58%         4
 Fireball                 Conj/Fire      4%           90%         5


Dungeon Overview and Level Annotations

Branches:
Dungeon (2/15)

Altars:
Ashenzari

Annotations:
D:1 Natasha
D:2 Terence


Message History

You don't have enough magic to cast that spell.
Terence hits you with a +0 hand axe.
You hit Terence but do no damage.
Terence is lightly wounded.
Terence misses you.
You hit Terence.
Terence is moderately wounded.
Terence hits you with a +0 hand axe.
You closely miss Terence.
Terence is moderately wounded.
Terence hits you with a +0 hand axe.
* * * LOW HITPOINT WARNING * * *
Your magical contamination has completely faded away.
You barely miss Terence.
Terence is moderately wounded.
Terence closely misses you.
You hit Terence.
Terence is moderately wounded.
Terence hits you with a +0 hand axe!
You die...

#....#..# #.....#
##.#.....# #.....#
........#. #.....#
....>..... #.....#
........#. #.....#
###...#.#.
#.....########.......
#..............###.##
#.#...@@########.#<....
#............# # ####.#
#...#+##.##.## #.# #..
#.##.####### #.. #
#.##.......# ###
#.########.#####. ..#
#....... #######
#..####. #.....####..#
#.


You could see Terence.

Vanquished Creatures
  Natasha (D:1)
  2 dart slugs (D:1)
  3 leopard geckos (D:1)
  4 goblins
  3 kobolds
  2 bats (D:1)
  A frilled lizard (D:1)
  A rat (D:1)
17 creatures vanquished.

Vanquished Creatures (others)
  62 foxfires
62 creatures vanquished.

Grand Total: 79 creatures vanquished

Notes
Turn   | Place    | Note
-------+----------+-------------------------------------------
     0 | D:1      | Almogavar the Hill Orc Fire Elementalist began the quest
                  | for the Orb.
     0 | D:1      | Reached XP level 1. HP: 14/14 MP: 3/3
   186 | D:1      | You fall into a shaft and drop 1 floor!
   186 | D:2      | Found a broken altar of Ashenzari.
   257 | D:2      | Noticed Natasha
   301 | D:1      | Reached XP level 2. HP: 20/20 MP: 1/4
   727 | D:1      | Reached XP level 3. HP: 26/26 MP: 3/5
   801 | D:1      | Killed Natasha
   802 | D:1      | Reached skill level 4 in Fire Magic
   843 | D:1      | Noticed Natasha
  1291 | D:2      | Noticed Terence
  1311 | D:2      | Slain by Terence

Illustrated notes

Levels and vault maps discovered:
D:1:      lightli_arrival_windingriver, layout_rooms, item_on_display_a
D:2:      minmay_angry_zag, layout_basic, lemuel_altar_in_water, uniq_terence,
          uniq_natasha

Skill      XL: |  1  2  3 |
---------------+----------+-----
Stealth        | 2 |  2.0
Spellcasting   | 2 |  2.0
Fire Magic     | 4 |  4.1
Fighting       | |  0.1
Short Blades   | |  0.1
Dodging        | |  1.7
Conjurations   | |  1.2

Action                   || total
-------------------------++-------
Melee: Short sword       ||    11
 Cast: Foxfire           ||    35
Armor: Robe              ||     1
Dodge: Dodged            ||    21
